 Dungeon Crawl Stone Soup version 0.28.0-43-g3370ac3207 (webtiles) character file.

Game seed: 3598914209630568198

452 fragbeetle the Changer (level 6, -1/47 HPs)
             Began as a Draconian Transmuter on Mar 9, 2022.
             Frozen to death by an endoplasm (3 damage)
             ... in a sewer.
             The game lasted 00:06:41 (4496 turns).

fragbeetle the Changer (Draconian Transmuter)       Turns: 4496, Time: 00:06:42

Health: -1/47      AC: -2    Str: 15    XL:     6   Next: 75%
Magic:  4/9        EV: 19    Int: 13    God:
Gold:   147        SH:  5    Dex: 16    Spells: 1/9 levels left

rFire   + . .      SeeInvis .     - Unarmed
rCold   . . .      Faith    .   (shield currently unavailable)
rNeg    . . .      Spirit   .   (armour unavailable)
rPois   x          Reflect  +   (helmet currently unavailable)
rElec   .          Harm     .   (cloak currently unavailable)
rCorr   .          Rampage  .   (gloves currently unavailable)
Will    .....                   (boots currently unavailable)
Stlth   +.........              l - amulet of reflection
HPRegen 0.15/turn               h - ring of protection from fire
MPRegen 0.11/turn               (no ring)

@: spider-form (expiring), corroded
A: venomous fangs, AC +6, tiny, unfitting armour, (cold-blooded)
a: End Transformation


You were in a sewer.
You were a venomous arachnid creature.
You visited 1 branch of the dungeon, and saw 4 of its levels.
You also visited: Sewer.

You collected 147 gold pieces.

Inventory:

Missiles
 b - 12 poisoned darts
Armour
 k - a +0 pair of boots (melded)
 n - a +0 pair of gloves (melded)
Jewellery
 h - a ring of protection from fire (left front leg)
 l - an amulet of reflection (around neck)
Scrolls
 a - 6 scrolls of identify {unknown}
 d - a scroll of vulnerability {unknown}
 f - a scroll of teleportation {unknown}
 g - a scroll of magic mapping {unknown}
 m - 2 scrolls of immolation {unknown}
Potions
 c - 3 potions of brilliance {unknown}
 e - a potion of heal wounds
 i - a potion of degeneration {unknown}
 j - a potion of resistance {unknown}


   Skills:
 - Level 1.1 Fighting
 - Level 1.7 Dodging
 - Level 3.0 Unarmed Combat
 - Level 2.0 Spellcasting
 + Level 7.1 Transmutations
 + Level 1.7 Ice Magic


You had one spell level left.
You knew the following spells:

 Your Spells              Type           Power      Damage    Failure   Level
a - Beastly Appendage     Tmut           38%        N/A       6%          1
b - Spider Form           Tmut/Pois      10%        N/A       38%         3
c - Ice Form              Ice/Tmut       12%        N/A       61%         4

Your spell library contained the following spells:

 Spells                   Type           Power      Damage    Failure   Level
 Wereblood                Tmut           19%        N/A       8%          2


Dungeon Overview and Level Annotations

Branches:
Dungeon (4/15)              Sewer (1/1)
 Temple: D:4-7

Altars:
Uskayaw

Shops:
D:1 :


Innate Abilities, Weirdness & Mutations

You are a venomous arachnid creature.
You have poisonous fangs.
You are tiny and dextrous.
Your spellcasting is less reliable in this form.
Your armour is entirely melded.
You are incapable of wielding weapons or throwing items.
((Your plain brown scales are hard. (AC +6)))
You cannot fit into any form of body armour.
((You are cold-blooded and may be slowed by cold attacks.))


Message History

The jelly is moderately wounded.
The jelly hits you but does no damage.
Unknown command.
Casting: Spider Form (dangerous; 19% risk of failure)
Confirm with . or Enter, or press ? or * to list all spells.
You turn into a venomous arachnid creature.
Your +0 pair of gloves melds into your body.
Your +0 pair of boots melds into your body.
The jelly hits you. The acid corrodes you!
You are splashed with acid.
Unknown command.
You hit the jelly.
Your front legs burn!
The jelly is heavily wounded.
You block the jelly's attack. The endoplasm closely misses you.
You hit the jelly.
Your front legs burn!
The jelly is severely wounded.
The jelly hits you.
You are splashed with acid!
* * * LOW HITPOINT WARNING * * *
The endoplasm freezes you.
You are frozen.
* * * LOW HITPOINT WARNING * * *
You hit the jelly.
You kill the jelly!
The endoplasm splashes around in the water.
You hit the endoplasm but do no damage. You hit the endoplasm.
The endoplasm is lightly wounded.
The endoplasm freezes you.
You are frozen.
* * * LOW HITPOINT WARNING * * *
You hit the endoplasm but do no damage.
The endoplasm is lightly wounded.
The endoplasm freezes you.
You are frozen.
* * * LOW HITPOINT WARNING * * *
You hit the endoplasm.
The endoplasm is moderately wounded.
Your transformation is almost over.
The endoplasm freezes you.
You are frozen.
You die...

.# #.≈≈#≈.≈...≈#
.# #..≈≈.≈≈≈.# .#
##.≈≈..≈≈# ##
##≈.≈.≈≈##
##.≈≈...≈.##
#.≈≈≈###.†≈##
##≈≈.## ##≈≈.#
###≈†≈##...##≈≈#
###≈≈..≈#..≈≈..≈s#
...≈...##..#≈≈.J##
..≈.#### ##..##
##### ###


You could see an endoplasm.

Vanquished Creatures
  Sigmund (D:2)
  A centaur zombie (D:3)
  A jelly (Sewer)
  Natasha (thrice) (D:2)
  2 river rats
  5 adders
  3 worms
  2 orcs
  13 endoplasms
  4 giant cockroaches
  10 goblins
  7 hobgoblins
  5 kobolds
  2 quokkas
  12 ball pythons
  8 bats
  8 frilled lizards
  10 rats
97 creatures vanquished.

Notes
Turn   | Place    | Note
-------+----------+-------------------------------------------
     0 | D:1      | fragbeetle the Draconian Transmuter began the quest for the
                  | Orb.
     0 | D:1      | Reached XP level 1. HP: 16/16 MP: 3/3
   161 | D:1      | Found Jeuridd's Book Emporium.
   175 | D:1      | Reached XP level 2. HP: 22/23 MP: 3/5
   340 | D:1      | Reached skill level 3 in Transmutations
   696 | D:1      | Reached XP level 3. HP: 27/28 MP: 4/6
   700 | D:1      | Learned a level 3 spell: Spider Form
  1314 | D:2      | Noticed Natasha
  1328 | D:2      | Killed Natasha
  1329 | D:2      | Reached skill level 4 in Transmutations
  1628 | D:2      | Reached XP level 4. HP: 35/35 MP: 5/7
  1846 | D:2      | Noticed Sigmund
  2066 | D:2      | Found a faded altar of an unknown god.
  2224 | D:2      | Killed Sigmund
  2225 | D:2      | Reached skill level 6 in Transmutations
  2225 | D:2      | Reached XP level 5. HP: 38/40 MP: 1/8
  2316 | D:2      | Noticed Natasha
  2328 | D:2      | Killed Natasha
  2439 | D:2      | Noticed Natasha
  2449 | D:2      | Killed Natasha
  2450 | D:2      | Reached XP level 6. HP: 20/47 MP: 9/9
  3162 | D:3      | Learned a level 4 spell: Ice Form
  4013 | D:4      | Found a hide-covered altar of Uskayaw.
  4276 | D:4      | Found a glowing drain.
  4284 | D:4      | Reached skill level 1 in Ice Magic
  4371 | Sewer    | Entered a sewer
  4418 | Sewer    | Reached skill level 7 in Transmutations
  4495 | Sewer    | HP: 1/47 [frozen (3)]
  4496 | Sewer    | Frozen to death by an endoplasm

Illustrated notes

Levels and vault maps discovered:
D:1:      eino_arrival_druids_welcome, layout_basic, serial_shops, shop
D:2:      layout_basic, shapermc_ecumenical_altar_hornbeckon, uniq_natasha,
          uniq_sigmund
D:3:      layout_basic
D:4:      layout_loops_ring, grunt_gozag_breadcrumbs, lemuel_round_altar,
          portal_sewer_entry_b
Sewer:    sewer_hellmonk_slimy_pipes

Skill      XL: |  1  2  3  4  5  6 |
---------------+-------------------+-----
Transmutations | 3 4 6 7 |  7.1
Ice Magic      | 1 |  1.7
Fighting       | |  1.1
Dodging        | |  1.7
Unarmed Combat | |  3.0
Spellcasting   | |  2.0

Action                   |  1- 3 |  4- 6 || total
-------------------------+-------+-------++-------
Melee: Unarmed           |    93 |   173 ||   266
       Kick              |    17 |    36 ||    53
       Tailslap          |     6 |    17 ||    23
       Headbutt          |    12 |    19 ||    31
       Punch             |     1 |     1 ||     2
 Cast: Beastly Appendage |    26 |    36 ||    62
       Spider Form       |       |     6 ||     6
 Abil: End Transformatio |       |     1 ||     1
 Stab: Sleeping          |     1 |     2 ||     3
Armor: Skin              |    26 |    38 ||    64
Dodge: Dodged            |    49 |    80 ||   129
Block: Other             |       |     9 ||     9
